 Dungeon Crawl Stone Soup version 0.21.0-30-g47ce8e4 (webtiles) character file.

67 tidbits the Insei (level 4, 0/34 HPs)
             Began as a Gnoll Transmuter on Jan 28, 2018.
             Was an Initiate of Cheibriados.
             Slain by a gnoll
             ... wielding a +0 whip
              (7 damage)
             ... on level 4 of the Dungeon.
             The game lasted 00:04:31 (428 turns).

tidbits the Insei (Gnoll Transmuter)                 Turns: 428, Time: 00:04:32

Health: 0/34       AC:  2    Str: 13    XL:     4   Next: 18%
Magic:  1/11       EV: 24    Int: 17    God:    Cheibriados [......]
Gold:   48         SH:  6    Dex: 22    Spells: 7/13 levels left

rFire    . . .     SeeInvis .     - Unarmed
rCold    . . .     Gourm    .   (shield currently unavailable)
rNeg     . . .     Faith    .   (armour currently unavailable)
rPois    x         Spirit   .   (helmet currently unavailable)
rElec    .         Reflect  +   (cloak currently unavailable)
rCorr    .         Harm     .   (gloves currently unavailable)
MR       .....                  (boots currently unavailable)
Stlth    ++........             k - +6 amulet of reflection
HPRegen  0.11/turn              (no ring)
MPRegen  0.12/turn              (no ring)

@: spider-form, very slow
A: tiny, distributed training, strong nose
a: End Transformation, Bend Time, Renounce Religion


You were on level 4 of the Dungeon.
You worshipped Cheibriados.
Cheibriados was noncommittal.
You were full.
You were a venomous arachnid creature.
You visited 1 branch of the dungeon, and saw 4 of its levels.

You collected 48 gold pieces.

Inventory:

Hand Weapons
 i - a +1 dagger
Missiles
 a - 14 arrows
 g - 17 sling bullets
 j - 5 stones (quivered)
Armour
 B - a +0 robe (melded)
 G - a +1 pair of gloves (melded)
Jewellery
 k - a +6 amulet of reflection (around neck)
   (You found it on level 2 of the Dungeon)
 m - an uncursed ring of teleportation
   (You found it on level 3 of the Dungeon)
Books
 c - a book of Changes

   Spells                             Type                      Level
   a - Beastly Appendage              Transmutation                1
   b - Sticks to Snakes               Transmutation                2
   c - Spider Form                    Transmutation/Poison         3
   d - Ice Form                       Ice/Transmutation            4
   e - Blade Hands                    Transmutation                5
Comestibles
 d - 2 rations


   Skills:
 + Level 2.7 Fighting
 + Level 1.0 Short Blades
 + Level 1.0 Long Blades
 + Level 1.0 Axes
 + Level 1.0 Maces & Flails
 + Level 1.0 Polearms
 + Level 1.0 Staves
 + Level 1.0 Slings
 + Level 1.0 Bows
 + Level 1.0 Crossbows
 + Level 1.0 Throwing
 + Level 1.0 Armour
 + Level 4.6 Dodging
 + Level 1.0 Stealth
 + Level 1.0 Shields
 + Level 6.6 Unarmed Combat
 + Level 5.0 Spellcasting
 + Level 0.8 Conjurations
 + Level 0.8 Hexes
 + Level 0.8 Charms
 + Level 0.8 Summonings
 + Level 0.8 Necromancy
 + Level 0.8 Translocations
 + Level 3.8 Transmutations
 + Level 0.8 Fire Magic
 + Level 0.8 Ice Magic
 + Level 0.8 Air Magic
 + Level 0.8 Earth Magic
 + Level 0.8 Poison Magic
 + Level 1.1 Invocations
 + Level 1.0 Evocations


You had 7 spell levels left.
You knew the following spells:

 Your Spells              Type           Power        Failure   Level  Hunger
e - Beastly Appendage     Tmut           ###...       11%         1    None
k - Sticks to Snakes      Tmut           ###.....     13%         2    #......
p - Spider Form           Tmut/Pois      ##........   34%         3    ###....


Dungeon Overview and Level Annotations

Branches:
Dungeon (4/15)
 Temple: D:4-7

Altars:
Cheibriados
Fedhas


Innate Abilities, Weirdness & Mutations

Your experience applies equally to all skills.
((You have very sharp teeth.))
Your uncanny sense of smell can sniff out nearby items.


Message History

Your Axes skill increases to level 1!
Your Maces & Flails skill increases to level 1!
Your Polearms skill increases to level 1!
Your Staves skill increases to level 1!
Your Slings skill increases to level 1!
Your Bows skill increases to level 1!
Your Crossbows skill increases to level 1!
Your Throwing skill increases to level 1!
Your Armour skill increases to level 1!
Your Stealth skill increases to level 1!
Your Shields skill increases to level 1!
Your Evocations skill increases to level 1!
Your transformation is almost over.
You hear a shout!
You hear an angry hiss.
You block the bat's attack. The gnoll completely misses you.
Your ball python closely misses the bat. x2
Your ball python completely misses the bat.
Your ball python misses the bat.
You block the bat's attack.
You hit the bat.
The bat is severely wounded.
The bat barely misses you.
Your ball python closely misses the bat.
Your ball python misses the bat.
The gnoll barely misses you.
You swap places.
The bat misses you.
Your ball python bites the bat but does no damage.
Your ball python completely misses the bat.
The gnoll barely misses you. The bat barely misses your ball python.
The gnoll completely misses you. x2
Your ball python closely misses the bat. x2
Your ball python bites the bat.
The bat dies!
Cheibriados thoroughly appreciates the change of pace.
You have reached level 4!
You feel agile.
The gnoll hits you from afar with a spear!
A frilled lizard comes into view.
Things that are here:
a halberd; a gnoll corpse You hit the gnoll.
The gnoll is poisoned.
The gnoll is heavily wounded.
The gnoll hits you from afar with a spear!
The frilled lizard moves out of view.
You block the gnoll's attack.
You hit the gnoll.
You kill the gnoll!
Cheibriados thoroughly appreciates the change of pace.
The gnoll completely misses you.
Your ball python bites the gnoll but does no damage.
Your ball python grabs the gnoll.
Your ball python constricts the gnoll.
The gnoll completely misses you.
You swap places.
A gnoll comes into view. It is wielding a spear.
The gnoll hits your ball python with a spear!
Your ball python dies!
The gnoll hits you from afar with a spear.
* * * LOW HITPOINT WARNING * * *
The gnoll moves out of view.
The gnoll hits your ball python with a spear!
Your ball python dies!
The gnoll barely misses you.
Found a stone staircase leading up and a stone staircase leading down.
You see here a halberd.
You hit the gnoll.
The gnoll is poisoned.
The gnoll is lightly wounded.
The gnoll closely misses you.
The gnoll barely misses your ball python.
Your ball python closely misses the gnoll.
Your ball python barely misses the gnoll.
A kobold comes into view. It is wielding a short sword.
You barely miss the gnoll.
The gnoll is lightly wounded.
The kobold shouts!
The gnoll hits your ball python with a spear!
Your ball python dies!
The kobold moves out of view.
You block the gnoll's attack.
The frilled lizard hisses.
Your transformation has ended.
Your +1 pair of gloves unmelds from your body.
Your +0 robe unmelds from your body.
The gnoll closely misses you. You block the gnoll's attack.
The gnoll barely misses you.
There is a stone staircase leading down here.
The gnoll misses you.
The gnoll hits you from afar with a spear!
* * * LOW HITPOINT WARNING * * *
You climb downwards.
There is a stone staircase leading up here.
Casting: Sticks to Snakes
Confirm with . or Enter, or press ? or * to list all spells.
You turn into a venomous arachnid creature.
Your +1 pair of gloves melds into your body.
Your +0 robe melds into your body.
The gnoll completely misses you. The gnoll barely misses you.
You hit the gnoll.
The gnoll is moderately wounded.
You block the gnoll's attack. The gnoll completely misses you.
You hit the gnoll but do no damage.
The gnoll is moderately wounded.
The gnoll barely misses you. The gnoll completely misses you.
You hit the gnoll but do no damage.
The gnoll is poisoned.
The gnoll is moderately wounded.
The gnoll completely misses you. The gnoll hits you with a whip!
You die...

∆
###+#
#.gs#
#..g#
#...+
#...#
#...#
#####
∆


You could see 2 gnolls.

Vanquished Creatures
  2 gnolls (D:3)
  2 oozes
  An adder zombie (D:3)
  A dart slug (D:1)
  An orc (D:3)
  A giant cockroach (D:1)
  5 hobgoblins
  5 jackals
  4 kobolds
  2 ball pythons
  3 bats
  A rat (D:1)
  A toadstool (D:1)
29 creatures vanquished.

Vanquished Creatures (collateral kills)
  A bat (D:3)
  A goblin (D:3)
  A hobgoblin (D:1)
  A jackal (D:1)
4 creatures vanquished.

Grand Total: 33 creatures vanquished

Notes
Turn   | Place    | Note
-------+----------+-------------------------------------------
     0 | D:1      | tidbits the Gnoll Transmuter began the quest for the Orb.
     0 | D:1      | Reached XP level 1. HP: 17/17 MP: 6/6
    56 | D:1      | Reached XP level 2. HP: 15/23 MP: 7/7
    62 | D:1      | Learned a level 2 spell: Sticks to Snakes
   133 | D:2      | Found a blossoming altar of Fedhas.
   201 | D:1      | Reached XP level 3. HP: 14/28 MP: 7/9
   206 | D:1      | Learned a level 3 spell: Spider Form
   246 | D:3      | Found a snail-covered altar of Cheibriados.
   255 | D:3      | Reached skill level 5 in Spellcasting
   271 | D:3      | Became a worshipper of Cheibriados the Contemplative
   332 | D:3      | Reached skill level 1 in Invocations
   378 | D:3      | Noticed an ice beast
   414 | D:3      | Reached skill level 1 in Short Blades
   414 | D:3      | Reached skill level 1 in Long Blades
   414 | D:3      | Reached skill level 1 in Axes
   414 | D:3      | Reached skill level 1 in Maces & Flails
   414 | D:3      | Reached skill level 1 in Polearms
   414 | D:3      | Reached skill level 1 in Staves
   414 | D:3      | Reached skill level 1 in Slings
   414 | D:3      | Reached skill level 1 in Bows
   414 | D:3      | Reached skill level 1 in Crossbows
   414 | D:3      | Reached skill level 1 in Throwing
   414 | D:3      | Reached skill level 1 in Armour
   414 | D:3      | Reached skill level 1 in Stealth
   414 | D:3      | Reached skill level 1 in Shields
   414 | D:3      | Reached skill level 1 in Evocations
   416 | D:3      | Reached XP level 4. HP: 34/34 MP: 3/11
   424 | D:3      | Noticed an ice beast
   428 | D:4      | Slain by a gnoll

Skill      XL: |  1  2  3 |
---------------+----------+-----
Spellcasting   | 5 |  5.0
Invocations    | 1 |  1.1
Short Blades   | 1 |  1.0
Long Blades    | 1 |  1.0
Axes           | 1 |  1.0
Maces & Flails | 1 |  1.0
Polearms       | 1 |  1.0
Staves         | 1 |  1.0
Slings         | 1 |  1.0
Bows           | 1 |  1.0
Crossbows      | 1 |  1.0
Throwing       | 1 |  1.0
Armour         | 1 |  1.0
Stealth        | 1 |  1.0
Shields        | 1 |  1.0
Evocations     | 1 |  1.0
Fighting       | |  2.7
Dodging        | |  4.6
Unarmed Combat | |  6.6
Conjurations   | |  0.8
Hexes          | |  0.8
Charms         | |  0.8
Summonings     | |  0.8
Necromancy     | |  0.8
Translocations | |  0.8
Transmutations | |  3.8
Fire Magic     | |  0.8
Ice Magic      | |  0.8
Air Magic      | |  0.8
Earth Magic    | |  0.8
Poison Magic   | |  0.8

Action                   |  1- 3 |  4- 6 || total
-------------------------+-------+-------++-------
Melee: Unarmed           |    60 |     7 ||    67
       Kick              |     9 |       ||     9
       Bite              |     3 |       ||     3
       Headbutt          |     1 |       ||     1
       Punch             |     1 |       ||     1
 Cast: Beastly Appendage |     8 |       ||     8
       Sticks to Snakes  |     4 |       ||     4
       Spider Form       |     6 |     1 ||     7
  Use: Scroll            |     4 |       ||     4
 Stab: Sleeping          |     2 |       ||     2
  Eat: Ration            |     1 |       ||     1
Armor: Robe              |     5 |       ||     5
       Skin              |     2 |       ||     2
Dodge: Dodged            |    46 |    13 ||    59
Block: Other             |     9 |     4 ||    13

Table legend:
 A = Turns spent in this place as a percentage of turns spent in the entire game.
 B = Non-inter-level travel turns spent in this place as a percentage of non-inter-level travel turns spent in the entire game.
 C = Inter-level travel turns spent in this place as a percentage of turns spent in this place.
 D = Turns resting spent in this place as a percentage of non-inter-level travel turns spent in this place.
 E = Turns spent auto-exploring this place as a percentage of non-inter-level travel turns spent in this place.
 F = Non-inter-level travel turns spent in this place divided by the number of levels of this place that you've seen.
                   A       B       C       D       E      F
               +-------+-------+-------+-------+-------+----------------------
         Total | 100.0 | 100.0 |   0.0 |   0.0 |   0.0 | 107.0
       Dungeon | 100.0 | 100.0 |   0.0 |   0.0 |   0.0 | 107.0
               +-------+-------+-------+-------+-------+----------------------

Table legend:
 A = Kills in this place as a percentage of kills in entire the game.
 B = Kills by you in this place as a percentage of kills by you in the entire game.
 C = Kills by friends in this place as a percentage of kills by friends in the entire game.
 D = Other kills in this place as a percentage of other kills in the entire game.
 E = Experience gained in this place as a percentage of experience gained in the entire game.
 F = Experience gained in this place divided by the number of levels of this place that you have seen.
                   A       B       C       D       E      F
               +-------+-------+-------+-------+-------+----------------------
         Total | 100.0 | 100.0 | 100.0 |   N/A | 100.0 |  24.2
       Dungeon | 100.0 | 100.0 | 100.0 |   N/A | 100.0 |  24.2
               +-------+-------+-------+-------+-------+----------------------

Vault maps used:
D:1:      ldierk_water_garden
D:2:      fedhas_altar_2, first_ration
D:3:      nicolae_overflow_crystal_walls, minitemple, minmay_misc_feat_five,
          uniq_terence
D:4:      lemuel_round_altar, roderic_serpentine_path,
          kennysheep_generic_room_14, uniq_robin
